 Dungeon Crawl Stone Soup version 0.31-a0-331-geda263fcf1 (webtiles) character file.

Game seed: 2943421218694986762

21596 funkygono the Severer (level 12, -1/106 HPs)
             Began as a Minotaur Fighter on July 19, 2023.
             Was a High Priest of Okawaru.
             Killed from afar by an ironbound frostheart (13 damage)
             ... by creeping frost
             ... in an ice cave.
             The game lasted 00:20:18 (10818 turns).

funkygono the Severer (Minotaur Fighter)           Turns: 10818, Time: 00:20:19

Health: -1/106     AC: 21    Str: 25    XL:     12   Next: 55%
Magic:  12/13      EV: 10    Int:  5    God:    Okawaru [*****.]
Gold:   1189       SH:  7    Dex: 11    Spells: 11/11 levels left

rFire   . . .        w - +3 war axe (venom)
rCold   . . .        c - +0 buckler
rNeg    . . .        v - +0 plate armour
rPois   +            (helmet restricted)
rElec   .            D - +2 cloak
rCorr   .            (no gloves)
SInv    .            (no boots)
Will    .....        (no amulet) Stlth
                     g - ring of flight
HPRegen 0.37/turn    p - ring of poison resistance
MPRegen 0.13/turn

%: no passive effects
@: heroic, frozen, flying, very slow
A: horns 2, retaliatory headbutt
a: Renounce Religion, Heroism, Finesse, Duel


You were in an ice cave.
You worshipped Okawaru.
Okawaru was extremely pleased with you.
You visited 3 branches of the dungeon, and saw 11 of its levels.
You also visited: Ice Cave.

You collected 1189 gold pieces.

Inventory:

Hand Weapons
 w - a +3 war axe of venom (weapon)
Missiles
 b - 20 stones (quivered)
 f - 2 throwing nets
 h - 17 poisoned darts
 o - 8 boomerangs
 y - a javelin
 H - 2 silver javelins
Armour
 c - a +0 buckler (worn)
 v - a +0 plate armour (worn)
 D - a +2 cloak (worn)
Jewellery
 g - a ring of flight (left hand)
 i - a ring of protection from fire
 l - an amulet of faith
 p - a ring of poison resistance (right hand)
Wands
 a - a wand of paralysis (13)
 e - a wand of roots (6)
 m - a wand of acid (3)
 t - a wand of flame (8)
 A - a wand of digging (2)
Scrolls
 k - 4 scrolls of teleportation
 q - a scroll of revelation
 u - a scroll of fear {unknown}
 E - a scroll of fog
Potions
 d - 2 potions of heal wounds
 j - a potion of ambrosia
 n - a potion of cancellation
 r - 2 potions of haste
 s - a potion of degeneration {unknown}
 B - 2 potions of curing {unknown}
 C - a potion of mutation {unknown}
 F - 2 potions of resistance {unknown}
 G - 2 potions of attraction {unknown}


   Skills:
 + Level 10.2(15.2) Fighting
 + Level 15.0(20.0) Axes
 + Level 5.2(10.2) Throwing
 + Level 11.6(16.6) Armour
 + Level 3.5(8.5) Dodging
 + Level 1.1(6.1) Stealth
 + Level 9.2(14.2) Shields
 + Level 6.6(11.6) Unarmed Combat
 + Level 3.2 Invocations
 + Level 1.0 Evocations


You had 11 spell levels left.
You didn't know any spells.
Your spell library contained the following spells:

 Spells                   Type           Power      Damage    Failure   Level
 Kiss of Death            Conj/Necr      0%         2d5       98%         1
 Blink                    Tloc           0%         N/A       99%         2
 Cigotuvi's Dreadful Rot  Necr/Pois/Air  0%         N/A       99%         2
 Lesser Beckoning         Tloc           0%         N/A       99%         2
 Momentum Strike          Conj/Tloc      0%         3d8       99%         2
 Confusing Touch          Hex            0%         N/A       100%        3
 Portal Projectile        Hex/Tloc       0%         N/A       100%        3
 Dispel Undead            Necr           0%         3d6       100%        4
 Iskenderun's Mystic Bla  Conj/Tloc      0%         2d3       100%        4
 Manifold Assault         Tloc           0%         N/A       100%        4
 Borgnjor's Revivificati  Necr           0%         N/A       100%        8
 Tukima's Dance           Hex            Unusable   N/A       N/A         3
 Simulacrum               Ice/Necr       Unusable   N/A       N/A         6

Dungeon Overview and Level Annotations

Branches:
Dungeon (10/15)            Temple (1/1) D:5            Lair (1/5) D:10
    Orc (0/2) D:10          IceCv (1/1)

Altars:
Ashenzari
Cheibriados
Elyvilon
Gozag
Hepliaklqana
Kikubaaqudgha
Makhleb
Nemelex Xobeh
Okawaru
Sif Muna
Trog
Vehumet
Wu Jian
Xom
Yredelemnul
Zin
The Shining One


Innate Abilities, Weirdness & Mutations

You have a pair of horns on your head.
You reflexively headbutt those who attack you in melee.


Message History

The polar bear looks as sick as possible!
Your headbutt misses the polar bear.
The polar bear is almost dead.
The polar bear bites you but does no damage.
You block the polar bear's attack. The polar bear barely misses you.
Unknown command.
You slice the polar bear!!
You kill the polar bear!
Okawaru accepts your kill.
Unknown command.
You slice the death yak!!
The death yak is moderately wounded.
The death yak snorts and paws the ground.
The death yak closely misses you.
You slash the death yak!
You headbutt the death yak, but do no damage.
The death yak is severely wounded.
The death yak gores you but does no damage.
You slash the death yak!
The death yak looks as sick as possible!
You headbutt the death yak, but do no damage.
The death yak is severely wounded.
You completely miss the death yak.
The death yak is severely wounded.
The death yak barely misses you.
You barely miss the death yak.
The death yak is severely wounded.
The death yak gores you but does no damage.
The ironbound frostheart calls freezing cold from the walls.
The frost grips you!!
* * * LOW HITPOINT WARNING * * *
You are encased in ice.
The death yak attacks as you move away! The death yak gores you.
* * * LOW HITPOINT WARNING * * *
You slice the death yak!!
You kill the death yak!
Okawaru accepts your kill.
The ironbound frostheart calls freezing cold from the walls.
The frost grips you!
You die...

######## ######## #####
##...÷).## ##......######†.#.
##...###..####.....##..##~†##.#
#..⌠.[###...#....######~~~#####
##...## ###...####≈≈≈≈≈~~## #
###..# ####### ###≈≈≈≈≈≈≈##
#..####..######.##≈≈≈≈≈≈≈# ##
###..#.##..#.#..≈≈≈≈≈≈≈≈≈###.
###.#####.@##h#≈≈≈≈≈≈≈≈#..# ###
###.ph.#≈≈≈≈≈≈##...
####.###≈≈≈##..##
#..#########.# ..## ##. ..##
#.. Y.# ### p.# #


hY. You could see an ironbound frostheart and a polar bear.

Vanquished Creatures
  10 death yaks
  Amaemon (D:10)
  An ugly thing (D:10)
  An orc sorcerer (D:10)
  A salamander (shapeshifter) (D:7)
  Joseph (D:8)
  An ice statue (IceCv)
  An orange demon (D:10)
  2 rime drakes (Lair:1)
  An unseen horror (D:10)
  9 polar bears (IceCv)
  A hornet (D:7)
  A troll (D:7)
  2 shadows (D:10)
  25 yaks
  2 wyverns
  Grum (D:10)
  A basilisk (Lair:1)
  Duvessa (D:5)
  A two-headed ogre zombie (D:10)
  3 water moccasins (D:7)
  3 black bears
  6 orc warriors
  2 ice beasts (D:7)
  2 ogres (D:6)
  18 wolves
  7 centaurs
  2 phantoms
  9 bullfrogs
  A gnoll sergeant (D:10)
  5 wights (D:8)
  Dowan (D:5)
  2 killer bees (D:7)
  2 troll zombies (D:10)
  4 hounds
  3 jellies
  4 orc priests
  2 gnoll boudas
  4 iguanas
  A sleepcap (D:5)
  10 orc wizards
  5 ogre zombies (D:10)
  17 gnolls
  6 adders
  2 shadow imps (D:7)
  7 white imps
  3 ufetubi
  A worm (D:3)
  3 dart slugs
  39 orcs
  2 bats (D:1)
  2 endoplasms (D:1)
  2 giant cockroaches
  7 goblins
  7 hobgoblins
  3 jackals (D:1)
  2 quokkas
  6 ball pythons
  3 frilled lizards
  3 goblin zombies (D:10)
  A hobgoblin skeleton (D:10)
  3 hobgoblin zombies (D:10)
  3 kobolds
  An orc skeleton (D:10)
  17 orc zombies (D:10)
  2 rats (D:1)
302 creatures vanquished.

Vanquished Creatures (others)
  An orc (D:8)
1 creature vanquished.

Grand Total: 303 creatures vanquished

Notes
Turn   | Place    | Note
-------+----------+-------------------------------------------
     0 | D:1      | funkygono the Minotaur Fighter began the quest for the Orb.
     0 | D:1      | Reached XP level 1. HP: 19/19 MP: 0/0
   251 | D:1      | Reached XP level 2. HP: 17/27 MP: 1/1
   455 | D:1      | Found a faded altar of an unknown god.
   537 | D:1      | Reached XP level 3. HP: 33/33 MP: 2/2
   691 | D:1      | Reached skill level 3 in Axes
  1070 | D:2      | Identified the +3 scale mail "Efobodu" {Will- rCorr Int+3
                  | Dex+5}
  1719 | D:3      | Reached XP level 4. HP: 23/40 MP: 3/3
  1945 | D:3      | Reached skill level 4 in Axes
  2022 | D:3      | Found a snail-covered altar of Cheibriados.
  2194 | D:3      | Reached XP level 5. HP: 38/46 MP: 4/4
  2231 | D:3      | You are sucked into a shaft and drop 2 floors!
  2231 | D:5      | Entered Level 5 of the Dungeon
  2244 | D:5      | Found a staircase to the Ecumenical Temple.
  2260 | Temple   | Entered the Ecumenical Temple
  2304 | Temple   | Became a worshipper of Warmaster Okawaru
  2352 | D:5      | Found a shimmering altar of Xom.
  2420 | D:5      | Reached skill level 1 in Throwing
  2420 | D:5      | Reached skill level 5 in Armour
  2426 | D:5      | Reached skill level 5 in Axes
  2427 | D:5      | Reached XP level 6. HP: 26/53 MP: 5/5
  2615 | D:5      | Reached skill level 1 in Dodging
  2950 | D:5      | Found a shimmering blue altar of Sif Muna.
  3029 | D:5      | Noticed Duvessa
  3029 | D:5      | Noticed Dowan
  3039 | D:5      | Killed Duvessa
  3039 | D:5      | Reached * piety under Okawaru
  3040 | D:5      | Reached skill level 6 in Axes
  3040 | D:5      | Reached XP level 7. HP: 32/60 MP: 6/6
  3042 | D:5      | Killed Dowan
  3043 | D:5      | Reached skill level 5 in Shields
  3406 | D:5      | Identified a scroll of acquirement
  3406 | D:5      | Acquired 494 gold pieces
  3597 | D:6      | Noticed a yak
  3597 | D:6      | Noticed a yak
  3597 | D:6      | Noticed a yak
  3607 | D:6      | Killed a yak
  3608 | D:6      | Reached skill level 7 in Axes
  3613 | D:6      | Killed a yak
  3613 | D:6      | Reached ** piety under Okawaru
  3614 | D:6      | Reached skill level 5 in Fighting
  3614 | D:6      | Reached XP level 8. HP: 68/68 MP: 4/7
  3636 | D:6      | Reached skill level 8 in Axes
  4452 | D:7      | Found a glowing golden altar of the Shining One.
  4508 | D:7      | Reached skill level 9 in Axes
  4619 | D:7      | Noticed a hornet
  4633 | D:7      | Killed a hornet
  4634 | D:7      | Reached XP level 9. HP: 67/75 MP: 8/8
  4642 | D:7      | Noticed a salamander
  4644 | D:7      | Noticed a troll
  4649 | D:7      | Killed a salamander
  4650 | D:7      | Reached skill level 10 in Axes
  4650 | D:7      | Reached skill level 1 in Stealth
  4655 | D:7      | Reached skill level 1 in Invocations
  4662 | D:7      | Reached *** piety under Okawaru
  4668 | D:7      | Killed a troll
  4675 | D:7      | Received a gift from Okawaru
  4739 | D:7      | Reached skill level 11 in Axes
  5050 | D:7      | Found a bloodstained altar of Trog.
  5220 | D:7      | Found a hazy altar of Hepliaklqana.
  5235 | D:7      | Reached XP level 10. HP: 86/86 MP: 9/9
  5421 | D:7      | Received a gift from Okawaru
  5510 | D:7      | Identified the +0 hand axe of Resourcefulness {elec, Contam
                  | rN+ Int+2}
  5740 | D:8      | Found an ancient bone altar of Kikubaaqudgha.
  5748 | D:8      | Reached skill level 12 in Axes
  5767 | D:8      | Noticed Joseph
  5785 | D:8      | Killed Joseph
  6677 | D:9      | Paralysed by an orc wizard for 3 turns
  6809 | D:9      | Found an opulent altar of Gozag.
  6809 | D:9      | Found an opulent altar of Gozag.
  7063 | D:9      | Found an opulent altar of Gozag.
  7070 | D:9      | Found an opulent altar of Gozag.
  7167 | D:10     | Entered Level 10 of the Dungeon
  7388 | D:10     | Reached **** piety under Okawaru
  7573 | D:10     | Noticed Grum
  7580 | D:10     | Reached skill level 13 in Axes
  7586 | D:10     | Killed Grum
  7712 | D:10     | Noticed a white ugly thing
  7720 | D:10     | Killed a white ugly thing
  7721 | D:10     | Reached skill level 1 in Evocations
  7761 | D:10     | Noticed an orc sorcerer
  7764 | D:10     | Noticed a rust devil
  7794 | D:10     | Killed an orc sorcerer
  7795 | D:10     | Reached XP level 11. HP: 77/95 MP: 9/11
  7854 | D:10     | Found a staircase to the Orcish Mines.
  7945 | D:10     | Noticed a death yak
  7962 | D:10     | Killed a death yak
  8016 | D:10     | Found a staircase to the Lair.
  8016 | D:10     | Noticed a death yak
  8018 | D:10     | Noticed a death yak
  8020 | D:10     | Noticed a death yak
  8021 | D:10     | Noticed a death yak
  8024 | D:10     | Killed a death yak
  8025 | D:10     | Reached skill level 10 in Armour
  8031 | D:10     | Killed a death yak
  8031 | D:10     | Reached ***** piety under Okawaru
  8032 | D:10     | Reached skill level 14 in Axes
  8039 | D:10     | Killed a death yak
  8051 | D:10     | Killed a death yak
  8255 | D:10     | Noticed Amaemon
  8270 | D:10     | Killed Amaemon
  8270 | D:10     | Received a gift from Okawaru
  8784 | Lair:1   | Entered Level 1 of the Lair of Beasts
  8893 | Lair:1   | Found a frozen archway.
  8912 | Lair:1   | Reached skill level 10 in Fighting
  8919 | IceCv    | Entered an ice cave
  8927 | IceCv    | Reached skill level 1 in Unarmed Combat
  9225 | IceCv    | Reached skill level 15 in Axes
  9509 | IceCv    | Got the Essays on Sinister Ceremonies
  9535 | IceCv    | Received a gift from Okawaru
  9691 | IceCv    | Reached skill level 5 in Throwing
  9694 | IceCv    | Reached XP level 12. HP: 51/106 MP: 13/13
 10321 | IceCv    | Reached skill level 5 in Unarmed Combat
 10468 | IceCv    | Noticed a death yak
 10468 | IceCv    | Noticed a death yak
 10468 | IceCv    | Noticed a death yak
 10481 | IceCv    | Killed a death yak
 10490 | IceCv    | Killed a death yak
 10490 | IceCv    | Received a gift from Okawaru
 10507 | IceCv    | Killed a death yak
 10786 | IceCv    | Noticed a death yak
 10786 | IceCv    | Noticed a death yak
 10786 | IceCv    | Noticed an ironbound frostheart
 10787 | IceCv    | Noticed an ironbound frostheart
 10789 | IceCv    | Noticed a death yak
 10805 | IceCv    | Killed a death yak
 10818 | IceCv    | Killed a death yak
 10818 | IceCv    | Killed from afar by an ironbound frostheart

Illustrated notes

Levels and vault maps discovered:
D:1:      lightli_arrival_windingriver, layout_basic,
          shapermc_ecumenical_altar_petra, serial_bayou_pond_c
D:2:      wander_river, layout_loops_ring
D:3:      layout_basic, nicolae_overflow_ecumenical_swirl,
          nicolae_overflow_hidden_temple, mainiacjoe_overflow_swirl,
          kennysheep_doodads
D:5:      layout_loops_ring, lemuel_blue_sif_altar,
          mainiacjoe_overflow_concentric_impassable,
          minmay_temple_entry_sparse_star, uniq_duvessa
D:6:      layout_basic, hangedman_decor_lopped
D:7:      nzn_winding_woodlands_three_and_one
          [nzn_winding_woodlands_5x15_jagged,
          nzn_winding_woodlands_5x15_crooked, nzn_winding_woodlands_5x15_eye,
          nzn_winding_woodlands_center_pierced_h], layout_rooms,
          mainiacjoe_overflow_brackets, bloody_trog,
          mainiacjoe_overflow_catwalk, minmay_starry_boxes
D:8:      layout_cave_pools, nicolae_kikubaaqudgha_miasma_corner, uniq_joseph
D:9:      layout_rooms, nicolae_gozag_conspicuous_consumption, glass_columns_a
D:10:     layout_stronghold, dpeg_lair_monsters, zombieorc2_lemuel,
          uniq_amaemon, uniq_grum
Temple:   grunt_temple_mini_profane
Lair:1:   layout_hall_layers, portal_ice_cave_rime, grunt_megastairs_5
IceCv:    ice_cave_caverns_02

Skill      XL: |  1  2  3  4  5  6  7  8  9 10 11 12 |
---------------+-------------------------------------+-----
Armour         | 4 5 6 7 8 9 10 11 | 11.6
Shields        | 4 5 6 7 9 |  9.2
Axes           | 3 4 5 6 7 9 11 13 15 | 15.0
Fighting       | 4 5 7 8 10 | 10.2
Throwing       | 1 3 4 5 |  5.2
Dodging        | 1 2 3 |  3.5
Stealth        | 1 |  1.1
Invocations    | 1 2 3 |  3.2
Evocations     | 1 |  1.0
Unarmed Combat | 3 6 |  6.6

Action                     |  1- 3 |  4- 6 |  7- 9 | 10-12 || total
---------------------------+-------+-------+-------+-------++-------
  Melee: War axe           |    77 |    88 |   195 |   310 ||   670
         Headbutt          |    11 |    20 |    31 |   159 ||   221
         Unarmed           |       |       |       |   327 ||   327
  Throw: Dart              |    10 |    21 |    14 |    17 ||    62
         Stone             |       |       |       |    57 ||    57
 Invoke: Heroism           |       |       |     8 |    23 ||    31
  Evoke: Wand              |       |       |       |     2 ||     2
    Use: Scroll            |     5 |       |     5 |     7 ||    17
         Potion            |       |     1 |       |       ||     1
 Armour: Scale mail        |    31 |    51 |       |       ||    82
         Chain mail        |       |       |    83 |       ||    83
         Plate armour      |       |       |    13 |   362 ||   375
  Dodge: Dodged            |    32 |    45 |    76 |   233 ||   386
  Block: Buckler           |    19 |    26 |    59 |   169 ||   273

Table legend: (Time is in decaauts)
 A = Elapsed time spent in this place.
 B = Non-inter-level travel time spent in this place.
 C = Inter-level travel time spent in this place.
 D = Time resting spent in this place.
 E = Time spent auto-exploring this place.
 F = Levels seen in this place.
 G = Mean time per level.
                   A        B        C        D        E       F      G
               +--------+--------+--------+--------+--------+-----+--------+
         Total |  10792 |  10472 |    320 |    504 |   7738 |  12 |  899.3 |
       Dungeon |   8719 |   8476 |    243 |    454 |   6315 |   9 |  968.8 |
        Temple |     82 |      6 |     76 |      0 |      0 |   1 |   82.0 |
          Lair |    132 |    132 |      0 |     50 |      0 |   1 |  132.0 |
      Ice Cave |   1858 |   1858 |      0 |      0 |   1423 |   1 | 1858.0 |
               +--------+--------+--------+--------+--------+-----+--------+

Top non-repeatable levels by time:
   IceCv: 1858 daAuts
    D:10: 1577 daAuts
     D:7: 1290 daAuts
     D:5: 1136 daAuts
     D:1: 1048 daAuts
     D:6: 1012 daAuts
     D:8: 806 daAuts
     D:2: 660 daAuts
     D:9: 617 daAuts
     D:3: 569 daAuts
  Lair:1: 132 daAuts
  Temple: 82 daAuts
